 Dungeon Crawl Stone Soup version 0.29-a0-841-g116ddc6ace (webtiles) character file.

Game seed: 17441152516013503986

7138 spaghetti the Thaumaturge (level 11, -11/81 HPs)
             Began as a Gnoll Fire Elementalist on July 13, 2022.
             Was an Initiate of Gozag.
             Mangled by a death yak (21 damage)
             ... on level 9 of the Dungeon on July 14, 2022.
             The game lasted 00:29:38 (13858 turns).

spaghetti the Thaumaturge (GnFE)                   Turns: 13858, Time: 00:29:38

Health: -11/81     AC: 20    Str:  7    XL:     11   Next: 10%
Magic:  23/23      EV:  4    Int: 19    God:    Gozag
Gold:   242        SH:  0    Dex: 13    Spells: 16/26 levels left

rFire   + + .      SeeInvis .   z - +1 dagger (venom) {short}
rCold   x . .      Faith    .   (no shield)
rNeg    . . .      Spirit   .   x - +11 chain mail of the Barber Surgeon {rPois rF+}
rPois   +          Reflect  .   e - +1 hat
rElec   .          Harm     .   p - scarf {+Inv}
rCorr   .          Rampage  .   A - +0 pair of gloves
Will    .....                   t - +0 pair of boots
Stlth   +.........              (no amulet)
HPRegen 0.23/turn               L - ring of flight
MPRegen 0.18/turn               Y - ring of fire

@: corroded, flying, hasted, very quick
A: fangs 1, strong nose, distributed training
a: Renounce Religion, Evoke Invisibility, Potion Petition, Call Merchant, Bribe
Branch


You were on level 9 of the Dungeon.
You worshipped Gozag.
Gozag was aware of your devotion.
You visited 2 branches of the dungeon, and saw 11 of its levels.
You also visited: Ossuary.

You collected 912 gold pieces.
You spent 512 gold pieces at shops.
You paid 158 gold pieces to Gozag.


Innate Abilities, Weirdness & Mutations

You have very sharp teeth.
Your uncanny sense of smell can sniff out nearby items.
Your experience applies equally to all skills.


   Skills:
 + Level 6.2 Fighting
 + Level 6.2 Short Blades
 + Level 6.2 Long Blades
 + Level 6.2 Axes
 + Level 6.2 Maces & Flails
 + Level 6.2 Polearms
 + Level 6.2 Staves
 + Level 6.2 Ranged Weapons
 + Level 6.2 Throwing
 + Level 6.2 Armour
 + Level 7.8 Dodging
 + Level 7.5 Stealth
 + Level 6.2 Shields
 + Level 6.2 Unarmed Combat
 + Level 8.0 Spellcasting
 + Level 5.6 Conjurations
 + Level 5.1 Hexes
 + Level 5.1 Summonings
 + Level 5.1 Necromancy
 + Level 5.1 Translocations
 + Level 5.1 Transmutations
 + Level 7.6 Fire Magic
 + Level 5.1 Ice Magic
 + Level 5.1 Air Magic
 + Level 5.1 Earth Magic
 + Level 5.1 Poison Magic
 + Level 6.8 Invocations
 + Level 6.2 Evocations


You had 16 spell levels left.
You knew the following spells:

 Your Spells              Type           Power      Damage    Failure   Level
a - Foxfire               Conj/Fire      100%       2x1d9     67%         1
b - Scorch                Fire           100%       2d10      67%         2
c - Inner Flame           Hex/Fire       47%        N/A       97%         3
d - Flame Wave            Conj/Fire      49%        2d10      100%        4

Your spell library contained the following spells:

 Spells                   Type           Power      Damage    Failure   Level
 Magic Dart               Conj           100%       1d8       80%         1
 Call Imp                 Summ           27%        N/A       94%         2
 Ensorcelled Hibernation  Hex/Ice        54%        N/A       94%         2
 Conjure Flame            Conj/Fire      49%        6-21      95%         3
 Dazzling Flash           Conj/Hex       56%        N/A       99%         3
 Mephitic Cloud           Conj/Pois/Air  27%        N/A       99%         3
 Spider Form              Tmut/Pois      27%        N/A       99%         3
 Anguish                  Hex/Necr       13%        N/A       100%        4
 Agony                    Necr           27%        N/A       100%        5
 Silence                  Hex/Air        13%        N/A       100%        5

Inventory:

Hand Weapons
 d - a +2 dagger of draining {short}
   (You took it off a goblin on level 3 of the Dungeon)
 z - a +1 dagger of venom (weapon) {short}
   (You took it off an orc priest on level 10 of the Dungeon)
Missiles
 c - 13 poisoned darts {throwing}
 h - 49 stones {throwing}
 n - 3 javelins {throwing}
 s - 8 boomerangs {throwing}
 D - a throwing net {=f!fthrowing}
Armour
 e - a +1 hat (worn)
   (You found it on level 6 of the Dungeon)
 p - a scarf of invisibility (worn)
   (You found it on level 7 of the Dungeon)
 t - a +0 pair of boots (worn)
   (You found it on level 7 of the Dungeon)
 x - the +11 chain mail of the Barber Surgeon (worn) {rPois rF+}
   (You bought it in a shop on level 8 of the Dungeon)

   rF:        It protects you from fire.
   rPois:     It protects you from poison.
 A - a +0 pair of gloves (worn)
   (You found it on level 8 of the Dungeon)
Magical Staves
 M - a staff of poison {!astaff}
   (You found it on level 3 of the Dungeon)
Jewellery
 a - a ring of see invisible
   (You found it on level 8 of the Dungeon)
 L - a ring of flight (left hand)
   (You found it on level 3 of the Dungeon)
 Y - a ring of fire (right hand)
   (You found it on level 6 of the Dungeon)
Wands
 i - a wand of quicksilver (10)
   (You found it on level 8 of the Dungeon)
 r - a wand of polymorph (6)
   (You found it on level 7 of the Dungeon)
 u - a wand of iceblast (20)
   (You took it off an orc on level 7 of the Dungeon)
 v - a wand of charming (5)
   (You found it on level 8 of the Dungeon)
Scrolls
 f - 8 scrolls of teleportation {@r4}
 g - 2 scrolls of immolation {!r!r}
 q - a scroll of poison {!r}
 y - a scroll of enchant weapon {unknown}
 B - a scroll of identify {@r1}
 C - a scroll of amnesia {unknown}
 E - 2 scrolls of fog {unknown}
 K - 2 scrolls of magic mapping {!r}
 T - 2 scrolls of vulnerability {!r!r}
 W - a scroll of enchant armour {unknown}
Potions
 b - 3 potions of magic
 j - a potion of might {unknown}
 k - 2 potions of ambrosia
 l - a potion of cancellation {unknown}
 m - a potion of mutation {unknown}
 o - a potion of resistance
 w - 3 potions of heal wounds {unknown}
 I - a potion of berserk rage {!q}
 J - 4 potions of curing {@q1}
 O - 2 potions of flight {unknown}
 P - a potion of brilliance {unknown}
 Q - a potion of invisibility {unknown}
 S - 4 potions of haste {@q3}
 U - 3 potions of degeneration {unknown}
 V - a potion of attraction {unknown}
 X - 2 potions of lignification {unknown}

Dungeon Overview and Level Annotations

Branches:
Dungeon (10/15) Zot: 26650  Temple (1/1) D:7 Zot: 5691    Lair (0/6) D:9
Ossuary (visited)
    Orc: D:9-12

Altars:
Cheibriados
Dithmenos
Elyvilon
Gozag
Hepliaklqana
Kikubaaqudgha
Makhleb
Okawaru
Qazlal
Ru
Sif Muna
Trog
Uskayaw
Vehumet
Wu Jian
Xom
Yredelemnul
Zin
The Shining One

Shops:
D:8 [

Annotations:
D:5 1 runed translucent door
D:10 1 transporter, xian's ghost, journeyman DsWn

#####+###
####.###### #######
#..# ####'#####
##### #........#
###.... #........#
#...### #####
#........# ##'#####
...... #...[....#
#....... ......
+.Y......# #.......
......+ #..@.....#
#....... . .....
#........# +.......
....#..###........+
#.......
.......|$.........#
########
........########+##
>.#.....# #.....# ∆
......## .......


You could see a death yak.


Message History

You hit the orc. You bite the orc, but do no damage. You hit the orc.
You kill the orc!
You barely miss the orc priest.
The orc priest invokes the aid of Beogh against you.
Pain shoots through your body!
* * * LOW HITPOINT WARNING * * *
😨 HP[-4]
You take 4 damage, and now have 33/81 hp.
You hit the orc priest. Your bite misses the orc priest.
You hit the orc priest. You drain the orc priest.
The orc priest hits you but does no damage. 😨 HP[+1] MP[+1]
You barely miss the orc priest.
The orc priest hits you but does no damage.
You hit the orc priest. You drain the orc priest.
You kill the orc priest!
You now have 242 gold pieces (gained 15).
Things that are here:
a +1 dagger of venom {short}; a +0 short sword {short} 😨 HP[+1]
You start resting.
Your magical contamination has completely faded away. 😨 HP[+2] MP[+2]
You regained 2 hp, and now have 37/81 hp.
You regained 2 mp, and now have 19/23 mp.
An acid dragon comes into view. 😨 HP[+3] MP[+2]
You regained 3 hp, and now have 40/81 hp.
You regained 2 mp, and now have 21/23 mp.
An acid dragon is nearby!
An acid dragon is nearby!
An acid dragon is nearby!
An acid dragon is nearby!
An acid dragon is nearby!
The acid dragon roars!
Things that are here:
a +1 dagger of venom {short}; a +0 short sword {short} 😨 MP[+1]
z - a +1 dagger of venom {short} Your +1 dagger of venom {short} begins to drip with poison!
z - a +1 dagger of venom (weapon)
{short} The acid dragon spits acid at you.
The splash of acid hits you!
* * * LOW HITPOINT WARNING * * *
The acid corrodes you! 😨 HP[-11]
You take 11 damage, and now have 29/81 hp.
An acid dragon is nearby!
An acid dragon is nearby!
Things that are here:
3 gold pieces; a +0 club {mace}; a +0 leather armour 😨 HP[+1]
The acid dragon completely misses you. The acid dragon claws you.
* * * LOW HITPOINT WARNING * * *
😨 HP[-1]
You take 1 damage, and now have 29/81 hp.
You hit the acid dragon but do no damage.
The acid dragon is poisoned.
The acid dragon bites you but does no damage.
The acid dragon claws you but does no damage.
You closely miss the acid dragon.
You hit the acid dragon but do no damage.
You bite the acid dragon, but do no damage.
The acid dragon bites you but does no damage.
The acid dragon barely misses you. 😨 MP[+1]
Your mp is fully restored (23).
You hit the acid dragon. The acid dragon bites you.
* * * LOW HITPOINT WARNING * * *
The acid dragon claws you.
* * * LOW HITPOINT WARNING * * *
😨 HP[-4]
You take 4 damage, and now have 25/81 hp.
You hit the acid dragon but do no damage.
You hit the acid dragon. Your bite misses the acid dragon.
The acid dragon spits acid at you. The splash of acid hits you!
* * * LOW HITPOINT WARNING * * *
😱 HP[-16]
You take 16 damage, and now have 9/81 hp.
Unknown command.
Okay, then.
As you read the scroll of fear, it crumbles to dust.
You assume a fearsome visage.
The acid dragon looks frightened!
Things that are here:
4 gold pieces; a +0 dagger {short}; a +0 robe
There is a stone staircase leading up, spattered with blood here.
Things that are here:
6 gold pieces; a +0 mace {mace}; 😱 HP[+1]
You fly upwards.
The death yak snorts and paws the ground.
The death yak gores you but does no damage.
There is a stone staircase leading down here.
A death yak is nearby!
A death yak is nearby!
Okay, then.
You feel yourself speed up. The death yak gores you!!
You die...
Your body crumbles into a pile of gold.

Skill      XL: |  1  2  3  4  5  6  7  8  9 10 11 |
---------------+----------------------------------+-----
Conjurations   | 2 3 4 5 |  5.6
Spellcasting   | 5 6 7 8 |  8.0
Invocations    | 1 2 3 4 5 6 |  6.8
Fighting       | 1 2 3 5 6 |  6.2
Short Blades   | 1 2 3 5 6 |  6.2
Long Blades    | 1 2 3 5 6 |  6.2
Axes           | 1 2 3 5 6 |  6.2
Maces & Flails | 1 2 3 5 6 |  6.2
Polearms       | 1 2 3 5 6 |  6.2
Staves         | 1 2 3 5 6 |  6.2
Ranged Weapons | 1 2 3 5 6 |  6.2
Throwing       | 1 2 3 5 6 |  6.2
Armour         | 1 2 3 5 6 |  6.2
Shields        | 1 2 3 5 6 |  6.2
Unarmed Combat | 1 2 3 5 6 |  6.2
Evocations     | 1 2 3 5 6 |  6.2
Hexes          | 1 2 3 4 5 |  5.1
Summonings     | 1 2 3 4 5 |  5.1
Necromancy     | 1 2 3 4 5 |  5.1
Translocations | 1 2 3 4 5 |  5.1
Transmutations | 1 2 3 4 5 |  5.1
Ice Magic      | 1 2 3 4 5 |  5.1
Air Magic      | 1 2 3 4 5 |  5.1
Earth Magic    | 1 2 3 4 5 |  5.1
Poison Magic   | 1 2 3 4 5 |  5.1
Dodging        | 5 6 7 |  7.8
Stealth        | 5 6 7 |  7.5
Fire Magic     | 6 7 |  7.6

Action                   |  1- 3 |  4- 6 |  7- 9 | 10-12 || total
-------------------------+-------+-------+-------+-------++-------
Melee: Unarmed           |     2 |     5 |       |       ||     7
       Dagger            |       |    13 |    18 |   177 ||   208
       Bite              |       |     4 |     2 |    30 ||    36
       Punch             |       |       |     1 |     9 ||    10
Throw: Javelin           |       |     6 |     1 |       ||     7
       Boomerang         |       |     4 |       |       ||     4
 Cast: Foxfire           |   100 |   173 |   228 |    32 ||   533
       Inner Flame       |       |     6 |     8 |     3 ||    17
       Scorch            |       |       |    84 |     7 ||    91
Evoke: Wand              |       |     2 |       |    22 ||    24
  Use: Potion            |       |     2 |       |     2 ||     4
       Scroll            |       |     6 |     5 |     2 ||    13
 Stab: Distracted        |       |       |       |     1 ||     1
Armor: Robe              |     3 |    22 |     7 |       ||    32
       Steam dragon scal |       |       |     5 |     1 ||     6
       Chain mail        |       |       |       |   131 ||   131
Dodge: Dodged            |    19 |    57 |    58 |    28 ||   162

Levels and vault maps discovered:
D:1:      dpeg_arrival_more_subterranean_lakeside_camping, layout_loops_corners,
          basic_ecumenical_altar, minmay_split_cup_large
D:2:      layout_basic, basic_altar, minmay_pentomino_pile
D:3:      kennysheep_goblin_castle, layout_basic,
          gammafunk_temple_overflow_pools, minivault_27, minmay_misc_feat_tower
D:4:      layout_cave_pools, gup_ossuary_entry_pyramid,
          lightli_sewer_entry_pipes, uniq_robin, uniq_pargi
D:5:      layout_loops_ring, amethyst_overflow_temple_binary,
          dk_yredelemnul_ordeal
D:6:      layout_basic, marbit_many_paths
D:7:      layout_loops_ring, minmay_temple_entry_slanted, minmay_misc_feat_alley
D:8:      layout_basic, serial_shops, shop, uniq_pikel, uniq_psyche,
          uniq_joseph, uniq_erica
D:9:      layout_roguey, dpeg_lair_monsters, uniq_maggie
D:10:     layout_irregular_city, kennysheep_little_box,
          mainiacjoe_overflow_paths, mainiacjoe_overflow_catwalk,
          gammafunk_ghost_smash
Temple:   compressed_dpeg_triangle_lava_temple

Notes
Turn   | Place    | Note
-------+----------+-------------------------------------------
     0 | D:1      | spaghetti the Gnoll Fire Elementalist began the quest for
                  | the Orb.
     0 | D:1      | Reached XP level 1. HP: 13/13 MP: 6/6
     0 | D:1      | magus.rc [v1.9.6]
   236 | D:1      | magus.rc [v1.9.6]
   237 | D:1      | Reached skill level 2 in Conjurations
   239 | D:1      | Reached XP level 2. HP: 9/19 MP: 0/7
   493 | D:1      | Found a faded altar of an unknown god.
   924 | D:1      | Reached skill level 5 in Spellcasting
   924 | D:1      | Reached XP level 3. HP: 25/25 MP: 5/9
  1703 | D:2      | Learned a level 2 spell: Scorch
  1707 | D:2      | Learned a level 3 spell: Inner Flame
  1817 | D:2      | Reached skill level 1 in Invocations
  1885 | D:2      | Found a bloodstained altar of Trog.
  2198 | D:2      | Reached skill level 1 in Fighting
  2198 | D:2      | Reached skill level 1 in Short Blades
  2198 | D:2      | Reached skill level 1 in Long Blades
  2198 | D:2      | Reached skill level 1 in Axes
  2198 | D:2      | Reached skill level 1 in Maces & Flails
  2198 | D:2      | Reached skill level 1 in Polearms
  2198 | D:2      | Reached skill level 1 in Staves
  2198 | D:2      | Reached skill level 1 in Ranged Weapons
  2198 | D:2      | Reached skill level 1 in Throwing
  2198 | D:2      | Reached skill level 1 in Armour
  2198 | D:2      | Reached skill level 1 in Shields
  2198 | D:2      | Reached skill level 1 in Unarmed Combat
  2198 | D:2      | Reached skill level 1 in Evocations
  2717 | D:3      | Reached XP level 4. HP: 32/32 MP: 8/11
  3395 | D:3      | Reached skill level 1 in Hexes
  3395 | D:3      | Reached skill level 1 in Summonings
  3395 | D:3      | Reached skill level 1 in Necromancy
  3395 | D:3      | Reached skill level 1 in Translocations
  3395 | D:3      | Reached skill level 1 in Transmutations
  3395 | D:3      | Reached skill level 1 in Ice Magic
  3395 | D:3      | Reached skill level 1 in Air Magic
  3395 | D:3      | Reached skill level 1 in Earth Magic
  3395 | D:3      | Reached skill level 1 in Poison Magic
  3703 | D:3      | Noticed Robin
  3729 | D:3      | HP: 7/29 [Robin/+0 dagger (4)]
  3731 | D:3      | Killed Robin
  4164 | D:3      | Reached XP level 5. HP: 35/36 MP: 9/12
  4318 | D:3      | You pick up a book of Minor Magic and begin reading...
  4318 | D:3      | You add the spells Magic Dart, Call Imp and Mephitic Cloud
                  | to your library.
  4513 | D:3      | Found a bloodstained altar of Trog.
  4513 | D:3      | Found a glowing silver altar of Zin.
  4781 | D:4      | Reached skill level 2 in Invocations
  4781 | D:4      | Reached XP level 6. HP: 38/44 MP: 7/14
  4866 | D:4      | Reached skill level 5 in Dodging
  4871 | D:4      | Reached skill level 2 in Fighting
  4871 | D:4      | Reached skill level 2 in Short Blades
  4871 | D:4      | Reached skill level 2 in Long Blades
  4871 | D:4      | Reached skill level 2 in Axes
  4871 | D:4      | Reached skill level 2 in Maces & Flails
  4871 | D:4      | Reached skill level 2 in Polearms
  4871 | D:4      | Reached skill level 2 in Staves
  4871 | D:4      | Reached skill level 2 in Ranged Weapons
  4871 | D:4      | Reached skill level 2 in Throwing
  4871 | D:4      | Reached skill level 2 in Armour
  4871 | D:4      | Reached skill level 2 in Shields
  4871 | D:4      | Reached skill level 2 in Unarmed Combat
  4871 | D:4      | Reached skill level 2 in Evocations
  4957 | D:4      | Found a sand-covered staircase.
  4958 | D:4      | Noticed Pargi
  4970 | D:4      | Killed Pargi
  5051 | Ossuary  | Entered an ossuary
  5057 | Ossuary  | Learned a level 4 spell: Flame Wave
  5560 | Ossuary  | Reached XP level 7. HP: 50/50 MP: 10/15
  6630 | D:4      | You pick up a book of the Senses and begin reading...
  6630 | D:4      | You add the spells Dazzling Flash, Agony and Silence to
                  | your library.
  6670 | D:4      | Reached skill level 2 in Hexes
  6670 | D:4      | Reached skill level 2 in Summonings
  6670 | D:4      | Reached skill level 2 in Necromancy
  6670 | D:4      | Reached skill level 2 in Translocations
  6670 | D:4      | Reached skill level 2 in Transmutations
  6670 | D:4      | Reached skill level 2 in Ice Magic
  6670 | D:4      | Reached skill level 2 in Air Magic
  6670 | D:4      | Reached skill level 2 in Earth Magic
  6670 | D:4      | Reached skill level 2 in Poison Magic
  7259 | D:5      | Entered Level 5 of the Dungeon
  7339 | D:5      | Reached skill level 3 in Conjurations
  7345 | D:5      | Reached skill level 5 in Stealth
  7345 | D:5      | Reached skill level 3 in Invocations
  7565 | D:5      | Reached skill level 3 in Fighting
  7565 | D:5      | Reached skill level 3 in Short Blades
  7565 | D:5      | Reached skill level 3 in Long Blades
  7565 | D:5      | Reached skill level 3 in Axes
  7565 | D:5      | Reached skill level 3 in Maces & Flails
  7565 | D:5      | Reached skill level 3 in Polearms
  7565 | D:5      | Reached skill level 3 in Staves
  7565 | D:5      | Reached skill level 3 in Ranged Weapons
  7565 | D:5      | Reached skill level 3 in Throwing
  7565 | D:5      | Reached skill level 3 in Armour
  7565 | D:5      | Reached skill level 3 in Shields
  7565 | D:5      | Reached skill level 3 in Unarmed Combat
  7565 | D:5      | Reached skill level 6 in Fire Magic
  7565 | D:5      | Reached skill level 3 in Evocations
  7565 | D:5      | Reached XP level 8. HP: 51/58 MP: 8/16
  7692 | D:5      | Reached skill level 6 in Spellcasting
  7987 | D:5      | Found a glowing golden altar of the Shining One.
  7987 | D:5      | Found a shimmering blue altar of Sif Muna.
  8272 | D:5      | Found a runed translucent door.
  8276 | D:5      | Found a basalt altar of Yredelemnul.
  8897 | D:6      | Reached skill level 3 in Hexes
  8897 | D:6      | Reached skill level 3 in Summonings
  8897 | D:6      | Reached skill level 3 in Necromancy
  8897 | D:6      | Reached skill level 3 in Translocations
  8897 | D:6      | Reached skill level 3 in Transmutations
  8897 | D:6      | Reached skill level 3 in Ice Magic
  8897 | D:6      | Reached skill level 3 in Air Magic
  8897 | D:6      | Reached skill level 3 in Earth Magic
  8897 | D:6      | Reached skill level 3 in Poison Magic
  8897 | D:6      | Reached skill level 4 in Invocations
  8921 | D:6      | Reached skill level 6 in Dodging
  9554 | D:6      | Found a sacrificial altar of Ru.
  9840 | D:7      | Reached XP level 9. HP: 61/65 MP: 13/18
  9844 | D:7      | Reached skill level 4 in Fighting
  9844 | D:7      | Reached skill level 4 in Short Blades
  9844 | D:7      | Reached skill level 4 in Long Blades
  9844 | D:7      | Reached skill level 4 in Axes
  9844 | D:7      | Reached skill level 4 in Maces & Flails
  9844 | D:7      | Reached skill level 4 in Polearms
  9844 | D:7      | Reached skill level 4 in Staves
  9844 | D:7      | Reached skill level 4 in Ranged Weapons
  9844 | D:7      | Reached skill level 4 in Throwing
  9844 | D:7      | Reached skill level 4 in Armour
  9844 | D:7      | Reached skill level 4 in Shields
  9844 | D:7      | Reached skill level 4 in Unarmed Combat
  9844 | D:7      | Reached skill level 4 in Conjurations
  9844 | D:7      | Reached skill level 4 in Evocations
  9889 | D:7      | Reached skill level 6 in Stealth
 10650 | D:7      | Found a staircase to the Ecumenical Temple.
 10673 | Temple   | Entered the Ecumenical Temple
 10968 | Temple   | Became a worshipper of Gozag Ym Sagoz the Greedy
 10985 | D:7      | HP: 13/62 [wight/+2 dire flail of freezing (8)]
 10988 | D:7      | HP: 4/62 [howler monkey (5)]
 11021 | D:6      | Upgraded the game from 0.29-a0-838-g385bb11a5b to
                  | 0.29-a0-841-g116ddc6ace
 11021 | D:6      | magus.rc [v1.9.6]
 11305 | D:7      | Reached skill level 5 in Invocations
 11973 | D:8      | Noticed Erica
 11982 | D:8      | Killed Erica
 11983 | D:8      | Reached skill level 5 in Fighting
 11983 | D:8      | Reached skill level 5 in Short Blades
 11983 | D:8      | Reached skill level 5 in Long Blades
 11983 | D:8      | Reached skill level 5 in Axes
 11983 | D:8      | Reached skill level 5 in Maces & Flails
 11983 | D:8      | Reached skill level 5 in Polearms
 11983 | D:8      | Reached skill level 5 in Staves
 11983 | D:8      | Reached skill level 5 in Ranged Weapons
 11983 | D:8      | Reached skill level 5 in Throwing
 11983 | D:8      | Reached skill level 5 in Armour
 11983 | D:8      | Reached skill level 5 in Shields
 11983 | D:8      | Reached skill level 5 in Unarmed Combat
 11983 | D:8      | Reached skill level 7 in Spellcasting
 11983 | D:8      | Reached skill level 4 in Hexes
 11983 | D:8      | Reached skill level 4 in Summonings
 11983 | D:8      | Reached skill level 4 in Necromancy
 11983 | D:8      | Reached skill level 4 in Translocations
 11983 | D:8      | Reached skill level 4 in Transmutations
 11983 | D:8      | Reached skill level 4 in Ice Magic
 11983 | D:8      | Reached skill level 4 in Air Magic
 11983 | D:8      | Reached skill level 4 in Earth Magic
 11983 | D:8      | Reached skill level 4 in Poison Magic
 11983 | D:8      | Reached skill level 5 in Evocations
 11983 | D:8      | Reached XP level 10. HP: 74/74 MP: 9/20
 11986 | D:8      | Reached skill level 7 in Fire Magic
 12117 | D:8      | Killed an unseen horror
 12118 | D:8      | Reached skill level 7 in Dodging
 12244 | D:8      | Noticed Pikel
 12255 | D:8      | Killed Pikel
 12256 | D:8      | Reached skill level 5 in Conjurations
 12392 | D:8      | Found Gazxourgh's Antique Armour Boutique.
 12420 | D:8      | Bought a spiked chain mail for 256 gold pieces
 12420 | D:8      | Identified the +1 chain mail of Creativity {+Blink rF+++
                  | rC- Slay-3} (You bought it in a shop on level 8 of the
                  | Dungeon)
 12421 | D:8      | Bought a bloodstained chain mail for 256 gold pieces
 12421 | D:8      | Identified the +11 chain mail of the Barber Surgeon {rPois
                  | rF+} (You bought it in a shop on level 8 of the Dungeon)
 12456 | D:8      | Noticed Psyche
 12461 | D:8      | Noticed Joseph
 12469 | D:8      | Killed Psyche
 12470 | D:8      | Reached skill level 6 in Invocations
 12472 | D:8      | Reached skill level 7 in Stealth
 12516 | D:8      | Killed Joseph
 12869 | D:8      | You pick up a book of Dreams and begin reading...
 12869 | D:8      | You add the spells Ensorcelled Hibernation, Spider Form and
                  | Anguish to your library.
 13416 | D:9      | Noticed Maggie
 13434 | D:9      | Killed Maggie
 13463 | D:9      | Noticed a death yak
 13466 | D:9      | Found a staircase to the Lair.
 13466 | D:9      | Noticed a death yak
 13489 | D:9      | Killed a death yak
 13490 | D:9      | Reached skill level 6 in Fighting
 13490 | D:9      | Reached skill level 6 in Short Blades
 13490 | D:9      | Reached skill level 6 in Long Blades
 13490 | D:9      | Reached skill level 6 in Axes
 13490 | D:9      | Reached skill level 6 in Maces & Flails
 13490 | D:9      | Reached skill level 6 in Polearms
 13490 | D:9      | Reached skill level 6 in Staves
 13490 | D:9      | Reached skill level 6 in Ranged Weapons
 13490 | D:9      | Reached skill level 6 in Throwing
 13490 | D:9      | Reached skill level 6 in Armour
 13490 | D:9      | Reached skill level 6 in Shields
 13490 | D:9      | Reached skill level 6 in Unarmed Combat
 13490 | D:9      | Reached skill level 6 in Evocations
 13505 | D:10     | Entered Level 10 of the Dungeon
 13688 | D:10     | Found a shadowy altar of Dithmenos.
 13701 | D:10     | Noticed a two-headed ogre
 13701 | D:10     | Noticed xian's ghost (journeyman DsWn)
 13702 | D:10     | Identified the +6 great mace of the Beginning {distort, rF+
                  | Dex+3}
 13702 | D:10     | Noticed a two-headed ogre
 13705 | D:10     | Found a transporter.
 13710 | D:10     | Noticed a two-headed ogre
 13736 | D:10     | Reached skill level 5 in Hexes
 13736 | D:10     | Reached skill level 5 in Summonings
 13736 | D:10     | Reached skill level 5 in Necromancy
 13736 | D:10     | Reached skill level 5 in Translocations
 13736 | D:10     | Reached skill level 5 in Transmutations
 13736 | D:10     | Reached skill level 5 in Ice Magic
 13736 | D:10     | Reached skill level 5 in Air Magic
 13736 | D:10     | Reached skill level 5 in Earth Magic
 13736 | D:10     | Reached skill level 5 in Poison Magic
 13744 | D:10     | Reached XP level 11. HP: 57/81 MP: 22/22
 13764 | D:10     | Reached skill level 8 in Spellcasting
 13852 | D:10     | HP: 9/81 [acid dragon/splash of acid (16)]
 13858 | D:9      | Mangled by a death yak

Vanquished Creatures
  Erica (D:8)
  A death yak (D:9)
  Pikel (D:8)
  Maggie (D:9)
  Joseph (D:8)
  An unseen horror (D:8)
  2 steam dragons
  3 yaks (D:10)
  3 water moccasins
  An orc warrior (D:8)
  Pargi (D:4)
  An ice beast (D:8)
  An ogre (D:5)
  4 centaurs
  3 phantoms
  2 lemures (D:8)
  5 bullfrogs
  A necrophage (D:7)
  A gnoll sergeant (D:6)
  4 scorpions
  5 wights (D:7)
  5 killer bees (D:7)
  5 howler monkeys
  3 hounds
  3 orc priests
  3 iguanas (D:6)
  A human skeleton (D:5)
  3 orc wizards
  A hell rat (D:9)
  2 mummies
  Robin (D:3)
  12 gnolls
  4 adders
  2 river rats (D:4)
  A white imp (D:6)
  A worm (D:3)
  A dart slug (D:1)
  14 orcs
  5 spectral bats (Ossuary)
  7 endoplasms
  5 giant cockroaches
  19 goblins
  12 hobgoblins
  13 jackals
  6 kobolds
  5 quokkas
  13 ball pythons
  2 bats (D:2)
  2 bat simulacra (Ossuary)
  4 frilled lizards
  12 gnoll zombies (Ossuary)
  A goblin simulacrum (Ossuary)
  4 goblin zombies (Ossuary)
  6 hobgoblin zombies (Ossuary)
  7 kobold simulacra (Ossuary)
  4 kobold zombies (Ossuary)
  4 orc zombies (Ossuary)
  8 rats
  4 rat simulacra (Ossuary)
  3 spectral goblins (Ossuary)
  2 spectral kobolds (Ossuary)
  A spectral rat (Ossuary)
254 creatures vanquished.

Vanquished Creatures (collateral kills)
  Psyche (D:8)
  2 yaks (D:10)
  A water moccasin (D:8)
  2 howler monkeys (D:10)
  2 jackals (D:4)
8 creatures vanquished.

Vanquished Creatures (others)
  A yak (D:10)
  An orc (D:8)
  A jackal (D:4)
  897 foxfires
900 creatures vanquished.

Grand Total: 1162 creatures vanquished

Table legend:
 A = Non-vault XP
 B = Vault XP
 C = Vault XP percentage of total XP
 D = Non-vault monster count
 E = Vault monster count
 F = Vault count percentage of total count
                 A         B        C        D         E       F
            +---------+---------+-------+---------+---------+-------
      Total |    6184 |    4014 |  39.4 |     156 |     104 |  40.0
            +---------+---------+-------+---------+---------+-------
        D:1 |      34 |       7 |  17.1 |      19 |       4 |  17.4
        D:2 |      16 |      21 |  56.8 |      10 |       5 |  33.3
        D:3 |      53 |      50 |  48.5 |      23 |      20 |  46.5
        D:4 |     255 |     214 |  45.6 |      22 |       8 |  26.7
        D:5 |     847 |      36 |   4.1 |       7 |       1 |  12.5
        D:6 |     587 |      85 |  12.6 |      19 |       1 |   5.0
        D:7 |    1499 |       0 |   0.0 |      28 |       0 |   0.0
        D:8 |    1476 |    2260 |  60.5 |      13 |       4 |  23.5
        D:9 |     222 |    1248 |  84.9 |       2 |       5 |  71.4
       D:10 |    1195 |       0 |   0.0 |      13 |       0 |   0.0
    Ossuary |       0 |      93 | 100.0 |       0 |      56 | 100.0
            +---------+---------+-------+---------+---------+-------

Illustrated notes

Table legend:
 A = Kills in this place as a percentage of kills in entire the game.
 B = Kills by you in this place as a percentage of kills by you in the entire game.
 C = Kills by friends in this place as a percentage of kills by friends in the entire game.
 D = Other kills in this place as a percentage of other kills in the entire game.
 E = Experience gained in this place as a percentage of experience gained in the entire game.
 F = Experience gained in this place divided by the number of levels of this place that you have seen.
                   A       B       C       D       E      F
               +-------+-------+-------+-------+-------+----------------------
         Total | 100.0 | 100.0 | 100.0 |   N/A | 100.0 | 849.8
       Dungeon |  78.5 |  77.8 | 100.0 |   N/A |  99.1 | 1010.5
       Ossuary |  21.5 |  22.2 |   0.0 |   N/A |   0.9 |  93.0
               +-------+-------+-------+-------+-------+----------------------

Table legend: (Time is in decaauts)
 A = Elapsed time spent in this place.
 B = Non-inter-level travel time spent in this place.
 C = Inter-level travel time spent in this place.
 D = Time resting spent in this place.
 E = Time spent auto-exploring this place.
 F = Levels seen in this place.
 G = Mean time per level.
                   A        B        C        D        E       F      G
               +--------+--------+--------+--------+--------+-----+--------+
         Total |  13806 |  13392 |    414 |    892 |  10879 |  12 | 1150.5 |
       Dungeon |  11934 |  11533 |    401 |    724 |   9470 |  10 | 1193.4 |
        Temple |    308 |    295 |     13 |      0 |    251 |   1 |  308.0 |
       Ossuary |   1563 |   1563 |      0 |    168 |   1158 |   1 | 1563.0 |
               +--------+--------+--------+--------+--------+-----+--------+

Top non-repeatable levels by time:
     D:3: 2101 daAuts
     D:6: 1789 daAuts
     D:1: 1579 daAuts
 Ossuary: 1563 daAuts
     D:8: 1354 daAuts
     D:7: 1313 daAuts
     D:5: 1114 daAuts
     D:2: 1077 daAuts
     D:4: 932 daAuts
    D:10: 346 daAuts
     D:9: 323 daAuts
  Temple: 308 daAuts
